 Dungeon Crawl Stone Soup version 0.30.0-20-g3615ddf2f0 (webtiles) character file.

Game seed: 4826914467416844362

80 qw the Chopper (level 4, -4/28 HPs)
             Began as a Gargoyle Fighter on May 31, 2023.
             Slain by Grinder (5 damage)
             ... on level 3 of the Dungeon.
             The game lasted 00:00:51 (2081 turns).

qw the Chopper (Gargoyle Fighter)                   Turns: 2081, Time: 00:00:51

Health: -4/28      AC: 11    Str: 22    XL:     4   Next: 39%
Magic:  4/4        EV:  9    Int:  8    God:
Gold:   90         SH:  4    Dex:  9    Spells: 3/3 levels left

rFire   . . .        Y - +0 war axe
rCold   . . .        c - +0 buckler
rNeg    + . .        b - +0 scale mail
rPois   inf          f - +0 helmet
rElec   +            (no cloak)
rCorr   .            (no gloves)
SInv    .            (no boots)
Will    .....        (no amulet) Stlth
                     (no ring)
HPRegen 0.24/turn    (no ring)
MPRegen 0.09/turn

%: no passive effects
@: no status effects
A: sickness immunity, AC +3, negative energy resistance 1, electricity
resistance, torment resistance 1, petrification resistance
a: no special abilities


You were on level 3 of the Dungeon.
You visited 1 branch of the dungeon, and saw 3 of its levels.

You collected 90 gold pieces.


Innate Abilities, Weirdness & Mutations

You are immune to sickness and miasma.
Your stone body is resilient. (AC +3)
You are immune to poison.
You resist negative energy. (rN+)
You are resistant to electric shocks. (rElec)
You are resistant to unholy torment.
You are immune to petrification.


   Skills:
 - Level 3.2 Fighting
 - Level 4.0 Axes
 + Level 0.5 Throwing
 - Level 3.2 Armour
 - Level 3.2 Shields


You had 3 spell levels left.
You didn't know any spells.
Your spell library was empty.

Inventory:

Hand Weapons
 i - a +0 whip
 Y - a +0 war axe (weapon)
Missiles
 k - 2 javelins (quivered)
Armour
 b - a +0 scale mail (worn)
 c - a +0 buckler (worn)
 f - a +0 helmet (worn)
Scrolls
 a - a scroll of vulnerability {unknown}
Potions
 d - 2 potions of might
 e - a potion of lignification {unknown}
 g - a potion of ambrosia {unknown}
 j - a potion of cancellation {unknown}
 m - 2 potions of curing

Dungeon Overview and Level Annotations

Branches:
Dungeon (3/15)

Altars:

Annotations:
D:2 1 runed translucent door, Crazy Yiuf
D:3 Grinder


Message History

Grinder says, "Just stop there for a second..."
Grinder barely misses you.
You slash Grinder!
Grinder is heavily wounded.
Grinder gestures at you. Pain shoots through your body!
You slash Grinder!
Grinder is severely wounded.
Grinder blinks!
Grinder gestures at you.
You are unaffected.
Grinder gestures at you. You resist with significant effort. Grinder hits you.
You barely miss Grinder.
Grinder is severely wounded.
You block Grinder's attack. Grinder hits you but does no damage.
You hit Grinder but do no damage.
Grinder is severely wounded.
Grinder blinks!
Enter note:
Enter note:
Enter note: Grinder gestures at you.
You barely resist.
2076 ||| FLEEEEING.
Grinder gestures at you. Pain shoots through your body!
Grinder gestures at you. Pain shoots through your body!
You closely miss Grinder.
Grinder is severely wounded.
Grinder gestures at you.
You barely resist. You barely miss Grinder.
Grinder is severely wounded.
Grinder hits you.
Grinder says, "Tell me all your secrets, or I'll kill you."
Grinder hits you.
You die...

#..##### #......
###......####......
+........'.........
###.#....####......
###+##...## #...... ###
#.........########. ...
+.......#..##### #.
###.##.......##.....# ##
$.#......@.....<......####
#.>......5.....#####..[.#.
#......[.......# #....#.
#..............# #......
#..............# #......
#.......######............
#.......# #.#########.
#.......# .##........
#.......# #.#######


You could see Grinder.

Vanquished Creatures
  Robin (D:2)
  2 adders (D:2)
  A worm (D:2)
  4 ball pythons
  An endoplasm (D:1)
  8 hobgoblins
  A kobold (D:2)
  A quokka (D:1)
  2 bats
  2 frilled lizards
  16 goblins
  7 rats
46 creatures vanquished.

Notes
Turn   | Place    | Note
-------+----------+-------------------------------------------
     0 | D:1      | qw the Gargoyle Fighter began the quest for the Orb.
     0 | D:1      | Reached XP level 1. HP: 14/14 MP: 1/1
     0 | D:1      | 0 ||| qw: Version: 0.2-a-102-gfc559e5
     0 | D:1      | 0 ||| qw: Game counter: 556
     0 | D:1      | 0 ||| qw: Always use a shield: true
     0 | D:1      | 0 ||| qw: God list: Okawaru
     0 | D:1      | 0 ||| qw: Allow faded altars: false
     0 | D:1      | 0 ||| qw: Do Orc after D:15 true
     0 | D:1      | 0 ||| qw: Do second Lair branch before Depths: true
     0 | D:1      | 0 ||| qw: Lair rune preference: random
     0 | D:1      | 0 ||| qw: Plans: Normal, Zot:1-4, Slime:5, God:TSO, Crypt,
                  | Tomb, Pan, Hells, Abyss, Win
     0 | D:1      | 0 ||| PLANNING D:1-11
    89 | D:1      | Reached skill level 2 in Axes
   190 | D:1      | Reached XP level 2. HP: 19/19 MP: 2/2
   670 | D:1      | 670 ||| DROPPING orb of guile.
   671 | D:1      | 671 ||| DROPPING scarf of invisibility.
   672 | D:1      | 672 ||| DROPPING ring of magical power.
   744 | D:2      | Reached skill level 3 in Axes
   744 | D:2      | 744 ||| Stepping ~*~*~tactically~*~*~ (stealth).
   790 | D:2      | Reached XP level 3. HP: 23/23 MP: 3/3
   790 | D:2      | 790 ||| Stepping ~*~*~tactically~*~*~ (hiding).
   964 | D:2      | Found a runed translucent door.
   965 | D:2      | Noticed Crazy Yiuf
  1075 | D:2      | Noticed Robin
  1085 | D:2      | Killed Robin
  1089 | D:2      | Reached XP level 4. HP: 23/28 MP: 4/4
  1106 | D:2      | 1106 ||| DROPPING +0 club.
  1129 | D:2      | Reached skill level 4 in Axes
  1192 | D:2      | 1192 ||| Stepping ~*~*~tactically~*~*~ (stealth).
  1318 | D:2      | 1318 ||| Stepping ~*~*~tactically~*~*~ (stealth).
  1450 | D:2      | 1450 ||| UPGRADING to +0 helmet.
  1455 | D:2      | 1455 ||| READING scroll labelled MUSU OKLEDUPS.
  1456 | D:2      | 1456 ||| READING scroll labelled LOJEATI VIANEM.
  1457 | D:2      | 1457 ||| DRINKING 2 murky golden potions.
  1561 | D:2      | 1561 ||| DRINKING 2 smoky puce potions.
  1562 | D:2      | 1562 ||| DROPPING potion of berserk rage.
  2057 | D:3      | Noticed Grinder
  2060 | D:3      | Paralysed by Grinder for 5 turns
  2076 | D:3      | 2076 ||| FLEEEEING.
  2079 | D:3      | HP: 4/28 [Grinder/nerve-wracking pain (4)]
  2081 | D:3      | HP: 1/28 [Grinder (4)]
  2081 | D:3      | Slain by Grinder

Levels and vault maps discovered:
D:1:      psy_arrival_basics, layout_basic
D:2:      layout_rooms, minmay_curled_crystal, uniq_robin,
          uniq_crazy_yiuf_cottage
D:3:      layout_basic, chequers_mini_garden, uniq_sigmund, uniq_grinder,
          uniq_jessica

Skill      XL: |  1  2  3  4 |
---------------+-------------+-----
Axes           | 2 3 4 |  4.0
Fighting       | |  3.2
Throwing       | |  0.5
Armour         | |  3.2
Shields        | |  3.2

Action                     |  1- 3 |  4- 6 || total
---------------------------+-------+-------++-------
  Melee: War axe           |    69 |    31 ||   100
  Throw: Javelin           |       |    11 ||    11
    Use: Scroll            |       |     2 ||     2
         Potion            |       |     2 ||     2
 Armour: Scale mail        |    24 |     7 ||    31
  Dodge: Dodged            |    30 |    11 ||    41
  Block: Buckler           |    10 |     4 ||    14

Table legend:
 A = Non-vault XP
 B = Vault XP
 C = Vault XP percentage of total XP
 D = Non-vault monster count
 E = Vault monster count
 F = Vault count percentage of total count
                 A         B        C        D         E       F
            +---------+---------+-------+---------+---------+-------
      Total |      78 |      37 |  32.2 |      34 |      12 |  26.1
            +---------+---------+-------+---------+---------+-------
        D:1 |      23 |       0 |   0.0 |      16 |       0 |   0.0
        D:2 |      50 |      37 |  42.5 |      15 |      12 |  44.4
        D:3 |       5 |       0 |   0.0 |       3 |       0 |   0.0
            +---------+---------+-------+---------+---------+-------
